Map: Catalyst LE

Players

Lambo - Winner!

  • Race: Zerg Zerg
  • Spawn Location: 5:00

Aelith

  • Race: Zerg Zerg
  • Spawn Location: 11:00

Event: WCS Leipzig 2018

VOD

Have the link to the VOD?

Description

Time

  • Played on: Jan. 26, 2018, 7:40 a.m.
  • Length: 8:47

All games in this series

Show
View Real Time Build Order
Export as new Build Order

Lambo Zerg - Winner!

Build Orders: Hatch First, Zergling Baneling 

Get SALT Encoding   

  12  0:00  Drone  
  13  0:12  Overlord  
  13  0:16  Drone  
  14  0:30  Drone x2  
  16  0:48  Hatchery  
  15  0:51  Drone  
  15  0:54  Drone  
  17  0:58  Drone  
  18  1:08  Extractor  
  17  1:14  Spawning Pool  
  17  1:16  Drone  
  17  1:20  Drone  
  18  1:29  Drone  
  19  1:39  Overlord  
  19  1:49  Drone  
  20  2:00  Queen x2  
  24  2:01  Zergling x4  
  26  2:09  Metabolic Boost  
  26  2:11  Drone  
  26  2:13  Drone  
  28  2:22  Drone x2  
  30  2:37  Hatchery  
  29  2:40  Drone  
  30  2:46  Baneling Nest  
  30  2:47  Drone  
  30  2:49  Drone  
  31  2:54  Overlord  
  31  2:58  Zergling x2  
  31  3:02  Overlord  
  32  3:08  Zergling x4  
  32  3:09  Zergling x2  
  35  3:13  Zergling x4  
  35  3:16  Zergling x2  
  37  3:29  Baneling  
  37  3:30  Baneling x3  
  37  3:31  Drone x3  
  40  3:35  Drone x3  
  40  3:39  Baneling  
  43  3:42  Zergling x6  
  45  3:54  Drone x2  
  46  4:00  Zergling x8  
  47  4:09  Zergling x2  
  46  4:10  Zergling x6  
  46  4:13  Baneling x2  
  46  4:14  Queen  
  46  4:15  Zergling x6  
  51  4:27  Zergling x6  
  51  4:28  Zergling x2  
  55  4:36  Drone x3  
  55  4:37  Extractor  
  55  4:38  Roach Warren, Overlord  
  55  4:39  Baneling x3  
  55  4:41  Drone  
  55  4:44  Drone  
  57  4:46  Drone  
  57  4:49  Drone  
  57  4:51  Drone  
  58  4:54  Baneling  
  58  4:58  Drone x2  
  59  5:01  Overlord  
  59  5:02  Overlord  
  59  5:03  Overlord  
  55  5:10  Zergling x2  
  51  5:15  Zergling x6  
  51  5:17  Zergling x4  
  51  5:20  Zergling x4  
  55  5:26  Roach  
  57  5:29  Lair  
  57  5:30  Drone x2  
  57  5:33  Evolution Chamber  
  57  5:35  Drone, Roach x2  
  62  5:38  Drone x2  
  62  5:42  Baneling, Extractor  
  64  5:43  Zergling x6  
  64  5:46  Baneling  
  67  5:50  Roach  
  67  5:51  Extractor  
  67  5:53  Drone x2  
  67  5:54  Baneling  
  67  5:55  Drone  
  70  5:59  Queen  
  70  6:01  Drone x3  
  75  6:06  Drone x2  
  75  6:08  Spore Crawler  
  75  6:09  Drone  
  77  6:15  Drone x3  
  77  6:16  Drone x2  
  82  6:18  Zerg Missile Weapons Level 1  
  82  6:20  Drone  
  82  6:21  Drone  
  83  6:27  Drone x2  
  83  6:31  Spore Crawler, Queen  
  83  6:32  Spore Crawler  
  85  6:34  Zergling x2  
  85  6:38  Queen  
  86  6:42  Queen  
  86  6:46  Roach, Zergling x2  
  89  6:47  Baneling x5  
  89  6:48  Baneling  
  89  6:50  Drone x2  
  89  6:56  Overlord  
  88  7:01  Zergling x2  
  88  7:03  Overlord  
  88  7:07  Roach  
  88  7:11  Extractor, Overlord  
  88  7:13  Extractor, Glial Reconstitution  
  82  7:16  Hydralisk Den  
  82  7:18  Roach x2  
  82  7:19  Roach x2  
  85  7:23  Ravager, Roach x3  
  87  7:32  Drone x4  
  87  7:36  Roach  
  91  7:39  Roach  
  91  7:42  Roach  
  91  7:43  Roach x3  
  101  7:48  Hydralisk  
  103  7:51  Hydralisk  
  103  7:57  Hydralisk x2  
  109  8:00  Overlord x2  
  109  8:01  Overlord  
  109  8:02  Zergling x6  
  109  8:04  Hydralisk x2  
  113  8:10  Overlord  
  112  8:16  Overlord  
  114  8:20  Hydralisk  
Show
View Real Time Build Order
Export as new Build Order

Aelith Zerg 

Build Orders: Hatch First 

Get SALT Encoding   

  12  0:01  Drone  
  13  0:13  Overlord  
  13  0:17  Drone  
  14  0:31  Drone x2  
  14  0:35  Drone  
  17  0:52  Hatchery  
  17  0:55  Drone  
  17  0:59  Drone  
  17  1:02  Extractor  
  17  1:15  Spawning Pool  
  16  1:21  Drone  
  16  1:23  Drone  
  18  1:30  Drone  
  19  1:40  Overlord  
  19  1:49  Drone  
  20  2:02  Metabolic Boost, Queen  
  20  2:05  Queen  
  24  2:09  Zergling x2  
  24  2:13  Drone  
  26  2:17  Drone  
  26  2:19  Drone  
  28  2:23  Drone  
  28  2:26  Drone  
  30  2:34  Baneling Nest  
  30  2:36  Drone  
  30  2:39  Zergling x2  
  32  2:44  Drone  
  32  2:49  Drone  
  33  3:02  Overlord  
  33  3:08  Extractor, Zergling x4  
  34  3:14  Zergling x4  
  34  3:17  Lair  
  36  3:23  Zergling x12  
  36  3:25  Baneling x2  
  42  3:31  Zergling x2  
  43  3:41  Drone  
  44  3:44  Overlord  
  44  3:45  Spine Crawler  
  36  4:12  Drone x6  
  40  4:17  Extractor  
  40  4:18  Spire  
  37  4:25  Zergling x2  
  37  4:27  Drone  
  30  4:38  Zergling x2  
  30  4:39  Zergling x2  
  30  4:44  Baneling x2  
  32  4:45  Zergling x2  
  32  4:46  Zergling x4  
  33  4:54  Zergling x4  
  33  4:55  Zergling x6  
  29  5:19  Zergling x12  
  30  5:42  Mutalisk x3  
  32  5:47  Mutalisk  
  37  5:51  Baneling x2  
  37  5:54  Baneling  
  37  6:03  Drone x2  
  38  6:15  Mutalisk  
  38  6:18  Drone  
  39  6:20  Drone  
  39  6:35  Zergling x2  
  39  6:36  Zergling x6  
  43  6:53  Mutalisk  
  43  6:54  Mutalisk  
  36  7:14  Mutalisk  
  36  7:18  Drone x6  
  40  7:38  Drone x5  
  45  7:44  Zergling x2  
  46  7:52  Mutalisk  
  48  8:08  Zergling x2  
  48  8:09  Zergling x8  
Tags
 
Add a new tag
Caveats
  • Supply blocks, unpowered buildings, or Contaminate may cause inaccurate times.
  • Supply counts are checked every 10 seconds.